 Dungeon Crawl Stone Soup version 0.30.1-11-g7821555f0a (webtiles) character file.

Game seed: 17114245314711397293

42 Ivernyr the Shield-Bearer (level 3, -10/30 HPs)
             Began as a Formicid Fighter on Dec 6, 2023.
             Killed from afar by Jessica (15 damage)
             ... with a bolt of light
             ... on level 2 of the Dungeon.
             The game lasted 00:01:37 (651 turns).

Ivernyr the Shield-Bearer (Formicid Fighter)         Turns: 651, Time: 00:01:38

Health: -10/30     AC:  6    Str: 22    XL:     3   Next: 77%
Magic:  3/3        EV:  9    Int:  7    God:
Gold:   56         SH:  0    Dex: 13    Spells: 2/2 levels left

rFire   . . .        a - +0 quarterstaff
rCold   . . .        c - +0 buckler
rNeg    . . .        b - +0 scale mail
rPois   .            (helmet unavailable)
rElec   .            (no cloak)
rCorr   .            (no gloves)
SInv    +            (no boots)
Will    .....        (no amulet) Stlth
                     (no ring)
HPRegen 0.25/turn    (no ring)
MPRegen 0.08/turn

%: no passive effects
@: confused
A: permanent stasis, dig shafts and tunnels, antennae 3, four strong arms
a: Dig, Shaft Self


You were on level 2 of the Dungeon.
You visited 1 branch of the dungeon, and saw 2 of its levels.

You collected 56 gold pieces.

Inventory:

Hand Weapons
 a - a +0 quarterstaff (weapon)
Armour
 b - a +0 scale mail (worn)
 c - a +0 buckler (worn)
Scrolls
 e - a scroll of identify {unknown}
 f - a scroll of teleportation {unknown}
 j - a scroll of enchant armour {unknown}
 k - a scroll of blinking {unknown}
Potions
 d - a potion of might
 g - a potion of attraction {unknown}
 h - 2 potions of curing {unknown}
 i - a potion of haste {unknown}


   Skills:
 + Level 3.6 Fighting
 * Level 2.8 Staves
 + Level 3.6 Armour
 + Level 4.4 Shields


You had 2 spell levels left.
You didn't know any spells.
Your spell library was empty.

Dungeon Overview and Level Annotations

Branches:
Dungeon (2/15)

Altars:

Annotations:
D:2 Jessica


Innate Abilities, Weirdness & Mutations

You cannot be hasted, slowed, berserked, paralysed or teleported.
You can dig through walls and to a lower floor.
You have a pair of large antennae on your head. (SInv)
Your four strong arms can wield two-handed weapons with a shield.


Message History

You sock the ball python!
You kill the ball python!
The hobgoblin barely misses you. The hobgoblin closely misses you.
You see here a ball python corpse.
You sock the hobgoblin!
You kill the hobgoblin!
HP restored.
k - a scroll labelled IGIULE TEPPISU You now have 56 gold pieces (gained 13).
Jessica the Apprentice Sorceress comes into view.
She is wielding a +0 club and carrying a wand of light (12).
Jessica shouts!
Jessica is nearby!
Jessica closely misses you.
You hit Jessica.
Jessica is moderately wounded.
Jessica points at you and mumbles some strange words.
You barely resist.
Jessica points at you and mumbles some strange words.
Pain shoots through your body!
You hit Jessica but do no damage.
Jessica is moderately wounded.
Jessica hits you with a +0 club.
You closely miss Jessica.
Jessica is moderately wounded.
Jessica closely misses you.
You completely miss Jessica.
Jessica is moderately wounded.
Jessica zaps a wand.
The bolt of light misses you.
You closely miss Jessica.
Jessica is moderately wounded.
Jessica hits you with a +0 club.
You closely miss Jessica.
Jessica is moderately wounded.
Jessica zaps a wand.
The bolt of light hits you!
You are confused.
* * * LOW HITPOINT WARNING * * *
You bump into the rock wall.
Jessica zaps a wand.
The bolt of light hits you!
Ouch! That really hurt!
You die...

... #.# #.# . #.#.#
##. #.#.# #.. #.#.#
... #@#.# ### { ^
#@#.# #.. #.#.# #.#
####.#.# #.## ###
#....#.######... ##..
#....#........# ##..#
#..........##.###..##
#....#........#......
#....#.......†..#####
####.#........#.#


You could see Jessica.

Vanquished Creatures
  2 dart slugs (D:1)
  3 bats (D:1)
  4 endoplasms (D:1)
  3 hobgoblins
  3 jackals (D:1)
  3 kobolds (D:1)
  5 ball pythons
  A frilled lizard (D:1)
  5 goblins (D:1)
  4 rats (D:1)
33 creatures vanquished.

Notes
Turn   | Place    | Note
-------+----------+-------------------------------------------
     0 | D:1      | Ivernyr the Formicid Fighter began the quest for the Orb.
     0 | D:1      | Reached XP level 1. HP: 18/18 MP: 1/1
    70 | D:1      | Reached XP level 2. HP: 24/24 MP: 2/2
   269 | D:1      | Reached XP level 3. HP: 29/29 MP: 3/3
   641 | D:2      | Noticed Jessica
   651 | D:2      | Killed from afar by Jessica

Illustrated notes

Levels and vault maps discovered:
D:1:      lemuel_arrival_cross, layout_rooms, kennysheep_flooded_box,
          hex_intersection
D:2:      layout_rooms, hellmonk_ecumenical_altar_inner_sanctum,
          chequers_mini_garden, minmay_hexomino_r4, uniq_jessica

Action                     || total
---------------------------++-------
  Melee: Quarterstaff      ||    81
 Armour: Scale mail        ||    37
  Dodge: Dodged            ||    44
  Block: Buckler           ||    22
